 Dungeon Crawl Stone Soup version 0.32-a0-913-g739538afd8 (webtiles) character file.

Game seed: 12338529017559669930

49 jestert79 the Ruffian (level 3, -5/29 HPs)
             Began as a Ghoul Warper on Apr 9, 2024.
             Slain by a ribbon worm (7 damage)
             ... on level 2 of the Dungeon.
             The game lasted 00:01:26 (853 turns).

jestert79 the Ruffian (Ghoul Warper)                 Turns: 853, Time: 00:01:27

Health: -5/29      AC:  3    Str: 16    XL:     3   Next: 77%
Magic:  5/5        EV: 10    Int: 12    God:
Gold:   110        SH:  0    Dex:  8    Spells: 5/5 levels left

rFire   . .          .
                       - Unarmed
rCold   + . .        (no shield)
rNeg    + + +        a - +0 leather armour
rPois   ∞            (no helmet)
rElec   .            (no cloak)
rCorr   .            (no gloves)
SInv    .            (no boots)
Will    +....        (no amulet)
Stlth   +            (no ring)
HPRegen 0.00/turn    (no ring)
MPRegen 0.09/turn

%: no passive effects
@: enlightened, flying, inhibited regen
A: claws 1, cold resistance 1, negative energy resistance 3, inhibited
regeneration, torment resistance 2, devour on kill
a: no special abilities


You were on level 2 of the Dungeon.
You visited 1 branch of the dungeon, and saw 2 of its levels.

You collected 110 gold pieces.

Inventory:

Missiles
 c - 7 darts of dispersal (quivered)
 e - 5 poisoned darts
Armour
 a - a +0 leather armour (worn)
 f - a +0 kite shield
Magical Staves
 h - a staff of conjuration
Scrolls
 b - 2 scrolls of blinking
 d - a scroll of amnesia {unknown}
 g - a scroll of identify {unknown}
 j - a scroll of teleportation {unknown}
Potions
 i - a potion of degeneration {unknown}
 l - a potion of curing {unknown}
 m - a potion of lignification {unknown}


   Skills:
 - Level 2.1 Fighting
 - Level 0.8 Throwing
 - Level 0.8 Armour
 - Level 1.7 Dodging
 + Level 4.4 Unarmed Combat
 - Level 1.7 Spellcasting
 - Level 2.6 Translocations


You had 5 spell levels left.
You didn't know any spells.
Your spell library contained the following spells:

 Spells                   Type           Power      Damage    Failure   Level
 Blink                    Tloc           14%        N/A       17%         2
 Lesser Beckoning         Tloc           14%        N/A       17%         2
 Maxwell's Portable Pile  Tloc           7%         2d(5-15)  34%         3
 Teleport Other           Tloc           7%         N/A       34%         3
 Vhi's Electric Charge    Tloc/Air       8%         N/A       89%         4


Dungeon Overview and Level Annotations

Branches:
Dungeon (2/15)

Altars:


Innate Abilities, Weirdness & Mutations

You are immune to poison.
You have sharp fingernails.
Your flesh is cold resistant. (rC+)
You are immune to negative energy. (rN+++)
You do not regenerate when monsters are visible.
You are immune to unholy pain and torment.
You thrive by killing the living.


Message History

The hobgoblin hits you.
You closely miss the hobgoblin.
The hobgoblin is severely wounded.
The hobgoblin hits you but does no damage.
You scratch the hobgoblin.
You kill the hobgoblin!
You feel better. The goblin closely misses you.
You barely miss the ribbon worm. The ribbon worm bites you.
The goblin hits you with a +0 club.
You barely miss the ribbon worm. The goblin hits you with a +0 club.
The ribbon worm bites you.
You scratch the ribbon worm.
The ribbon worm is lightly wounded.
The goblin barely misses you.
You barely miss the ribbon worm.
The ribbon worm is lightly wounded.
The ribbon worm expels a string of sticky webbing.
The stream of webbing hits you but does no damage.
You are caught in a web!
You struggle to detach yourself from the web.
The goblin hits you with a +0 club. The ribbon worm bites you.
The web tears apart.
The goblin hits you but does no damage. The ribbon worm bites you.
* * * LOW HITPOINT WARNING * * *
The goblin barely misses you. The goblin attacks as it pursues you!
The goblin hits you with a +0 club.
* * * LOW HITPOINT WARNING * * *
You miss the goblin. You barely miss the goblin.
The goblin hits you with a +0 club.
* * * LOW HITPOINT WARNING * * *
You claw the goblin!
You kill the goblin!
It was a potion of enlightenment.
You feel very buoyant.
You fly up into the air.
The ribbon worm expels a string of sticky webbing.
The stream of webbing hits you but does no damage.
You are caught in a web!
The web tears apart.
The ribbon worm bites you!
You die...

.. #.#.# #. #.##.#.# #.
#.##.#.######. #.#
#............. ...
#....#.##...## #..
#............. #..
#...##.##...##
###..########..)##.###.##
#....#..w@......##.##...##
##.†#.######.#.##.##.....
#............#.##.##...##
#.###>########.##.######
#..........##.#
#.###########.# ...# ###.#
#.#


You could see a ribbon worm.

Vanquished Creatures
  2 adders (D:2)
  2 endoplasms (D:2)
  3 giant cockroaches
  3 goblins (D:2)
  4 hobgoblins
  3 ball pythons
  3 bats (D:1)
  A frilled lizard (D:2)
  6 kobolds
  3 rats (D:1)
30 creatures vanquished.

Notes
Turn   | Place    | Note
-------+----------+-------------------------------------------
     0 | D:1      | jestert79 the Ghoul Warper began the quest for the Orb.
     0 | D:1      | Reached XP level 1. HP: 17/17 MP: 3/3
     1 | D:1      | Noticed an electric eel
   194 | D:1      | Reached XP level 2. HP: 21/24 MP: 4/4
   199 | D:1      | Reached skill level 3 in Unarmed Combat
   366 | D:1      | You fall into a shaft and drop 1 floor!
   452 | D:2      | Reached XP level 3. HP: 29/29 MP: 5/5
   469 | D:2      | Reached skill level 4 in Unarmed Combat
   853 | D:2      | Slain by a ribbon worm

Illustrated notes

Levels and vault maps discovered:
D:1:      arrival_aquarium_a, layout_basic
D:2:      layout_loops_ring, serial_shops, nicolae_book_shop_shelving

Skill      XL: |  1  2  3 |
---------------+----------+-----
Unarmed Combat | 3 4 |  4.4
Fighting       | |  2.1
Throwing       | |  0.8
Armour         | |  0.8
Dodging        | |  1.7
Spellcasting   | |  1.7
Translocations | |  2.6

Action                     || total
---------------------------++-------
  Melee: Unarmed           ||   106
         Punch             ||     2
    Use: Potion            ||     1
 Armour: Leather armour    ||    63
  Dodge: Dodged            ||    61

Table legend: (Time is in decaauts)
 A = Elapsed time spent in this place.
 B = Non-inter-level travel time spent in this place.
 C = Inter-level travel time spent in this place.
 D = Time resting spent in this place.
 E = Time spent auto-exploring this place.
 F = Levels seen in this place.
 G = Mean time per level.
                   A        B        C        D        E       F      G
               +--------+--------+--------+--------+--------+-----+--------+
         Total |    845 |    845 |      0 |      0 |    606 |   2 |  422.5 |
       Dungeon |    845 |    845 |      0 |      0 |    606 |   2 |  422.5 |
               +--------+--------+--------+--------+--------+-----+--------+

Top non-repeatable levels by time:
     D:2: 482 daAuts
     D:1: 363 daAuts
